TOP OF THE 1ST |
Trois-Riveres Aigles batting - Pitching for Columbus Reds : RHP Brian Trejo
|
Pitching: RHP Brian Trejo
|
|
Batting: LHB Jonathan Spino
|
0-0: Fly out, F8 (Line Drive, 8RM, EV 106.9 MPH)
|
Batting: LHB Harris Vink
|
0-0: Ball 1-0: SOLO HOME RUN (Flyball, 89XD, EV 114.4 MPH), Distance : 437 ft
|
Batting: RHB Jose Arriola
|
0-0: Swinging Strike 0-1: Foul Ball, location: 2F 0-2: Ball 1-2: SINGLE (Groundball, 6MD, EV 95.0 MPH)
|
Batting: LHB Darryl Gonnella
|
0-0: SINGLE (Groundball, 34, EV 99.4 MPH) Jose Arriola to second Runner from 2nd tries for 3rd, SAFE, throw by RF made to third Darryl Gonnella to second
|
Batting: RHB Sesto Carpini
|
0-0: Foul Ball, location: 2F 0-1: Swinging Strike 0-2: Ball 1-2: Foul Ball, location: 2F 1-2: Ball 2-2: Ball 3-2: Base on Balls
|
Batting: SHB Joshua Jackson
|
0-0: Grounds into fielders choice 1-2 (Groundball, P, EV 64.4 MPH) Darryl Gonnella to third Sesto Carpini to second
|
Batting: RHB Nelle Lommen
|
0-0: Called Strike 0-1: Foul Ball, location: 2F 0-2: Ball 1-2: Foul Ball, location: 2F 1-2: Foul Ball, location: 2F 1-2: Strikes out swinging
|
Top of the 1st over - 1 run, 3 hits, 0 errors, 3 left on base; Trois-Riveres 1 - Columbus 0 |
BOTTOM OF THE 1ST |
Columbus Reds batting - Pitching for Trois-Riveres Aigles : RHP Jason Cheek
|
Pitching: RHP Jason Cheek
|
|
Batting: LHB Keith Egan
|
0-0: Ball 1-0: Foul Ball, location: 2F 1-1: Called Strike 1-2: Foul Ball, location: 2F 1-2: Ball 2-2: Foul Ball, location: 2F 2-2: SINGLE (Groundball, 34S, EV 61.9 MPH) (infield hit)
|
Batting: RHB Sang-ton Pak
|
0-0: Fly out, F8 (Flyball, 78M, EV 87.5 MPH)
|
Batting: RHB Pat McCoy
|
0-0: Fly out, F9 (Flyball, 9D, EV 100.0 MPH) Runner from 1st tags up, SAFE at 2nd
|
Batting: LHB Chris Redhead
|
0-0: Called Strike 0-1: Ball 1-1: Fly out, F4 (Flyball, 4D, EV 83.8 MPH)
|
Bottom of the 1st over - 0 runs, 1 hit, 0 errors, 1 left on base; Trois-Riveres 1 - Columbus 0 |
TOP OF THE 2ND |
Trois-Riveres Aigles batting - Pitching for Columbus Reds : RHP Brian Trejo
|
Batting: RHB Jason Penfield
|
0-0: Called Strike 0-1: Ball 1-1: Ball 2-1: Ball 3-1: Foul Ball, location: 2F 3-2: Strikes out looking
|
Batting: RHB Josh Harmon
|
0-0: Called Strike 0-1: SINGLE (Line Drive, 7, EV 86.3 MPH)
|
Batting: LHB Jonathan Spino
|
0-0: Ball 1-0: Ball 2-0: Ball 3-0: Called Strike 3-1: DOUBLE (Line Drive, 9LM, EV 109.4 MPH) Josh Harmon to third Runner from 3rd tries for Home, SAFE, throw by RF to home
|
Batting: LHB Harris Vink
|
0-0: Hit by Pitch
|
Batting: RHB Jose Arriola
|
0-0: Ball 1-0: Fielders Choice at 2nd, 6-4 (Groundball, 6, EV 91.9 MPH) Jonathan Spino to third
|
Batting: LHB Darryl Gonnella
|
0-0: Ground out U3 (Groundball, 13, EV 90.0 MPH)
|
Top of the 2nd over - 1 run, 2 hits, 0 errors, 2 left on base; Trois-Riveres 2 - Columbus 0 |
BOTTOM OF THE 2ND |
Columbus Reds batting - Pitching for Trois-Riveres Aigles : RHP Jason Cheek
|
Batting: RHB R.J. Romberg
|
0-0: SINGLE (Line Drive, 4D, EV 103.8 MPH)
|
Batting: LHB Tim Kirk
|
0-0: Ball 1-0: Called Strike 1-1: Fly out, F7 (Line Drive, 7, EV 96.3 MPH)
|
Batting: LHB Elijah Benton
|
0-0: Called Strike 0-1: Grounds into double play, 4-6-3 (Groundball, 34, EV 90.0 MPH)
|
Bottom of the 2nd over - 0 runs, 1 hit, 0 errors, 0 left on base; Trois-Riveres 2 - Columbus 0 |
TOP OF THE 3RD |
Trois-Riveres Aigles batting - Pitching for Columbus Reds : RHP Brian Trejo
|
Batting: RHB Sesto Carpini
|
0-0: Ball 1-0: Called Strike 1-1: Ball 2-1: Swinging Strike 2-2: Foul Ball, location: 2F 2-2: Foul Ball, location: 2F 2-2: Foul Ball, location: 2F 2-2: Foul Ball, location: 2F 2-2: Strikes out swinging
|
Batting: SHB Joshua Jackson
|
0-0: Ball 1-0: SINGLE (Groundball, 56D, EV 95.0 MPH)
|
Batting: RHB Nelle Lommen
|
0-0: Called Strike 0-1: Called Strike 0-2: Foul Ball, location: 2F 0-2: Ball 1-2: SINGLE (Flyball, 3D, EV 90.6 MPH) Joshua Jackson to second Runner from 2nd tries for 3rd, SAFE, throw by RF made to third
|
Batting: RHB Jason Penfield
|
0-0: Called Strike Nelle Lommen steals 2nd base 0-1: Ball 1-1: Swinging Strike 1-2: Hit by Pitch
|
Batting: RHB Josh Harmon
|
0-0: SINGLE (Line Drive, 89S, EV 107.5 MPH) Joshua Jackson scores Nelle Lommen to third Jason Penfield to second Runner from 3rd tries for Home, throw by RF and OUT! 9-2
|
Batting: LHB Jonathan Spino
|
0-0: SINGLE (Flyball, 34D, EV 93.1 MPH) Jason Penfield to third Josh Harmon to second Runner from 3rd tries for Home, SAFE, throw by RF to home
|
Pitching: RHP Alex Villagomez
|
|
Batting: LHB Harris Vink
|
0-0: Ball 1-0: Fly out, F8 (Flyball, 8RD, EV 86.9 MPH)
|
Top of the 3rd over - 2 runs, 4 hits, 0 errors, 2 left on base; Trois-Riveres 4 - Columbus 0 |
BOTTOM OF THE 3RD |
Columbus Reds batting - Pitching for Trois-Riveres Aigles : RHP Jason Cheek
|
Batting: RHB Fred Barbour
|
0-0: Ball 1-0: Foul Ball, location: 2F 1-1: Foul Ball, location: 2F 1-2: Ball 2-2: Strikes out swinging
|
Batting: RHB Alex de Leon
|
0-0: Called Strike 0-1: Ball 1-1: Swinging Strike 1-2: Strikes out swinging
|
Batting: LHB Keith Egan
|
0-0: Ball 1-0: Called Strike 1-1: Ground out U3 (Groundball, 3L, EV 103.8 MPH)
|
Bottom of the 3rd over - 0 runs, 0 hits, 0 errors, 0 left on base; Trois-Riveres 4 - Columbus 0 |
TOP OF THE 4TH |
Trois-Riveres Aigles batting - Pitching for Columbus Reds : RHP Alex Villagomez
|
Batting: RHB Jose Arriola
|
0-0: Ball 1-0: Swinging Strike 1-1: Called Strike 1-2: Fly out, F8 (Flyball, 8LM, EV 90.6 MPH)
|
Batting: LHB Darryl Gonnella
|
0-0: Ball 1-0: SINGLE (Line Drive, 56D, EV 101.9 MPH)
|
Batting: RHB Sesto Carpini
|
0-0: Ball Darryl Gonnella steals 2nd base 1-0: Ball Wild Pitch! Darryl Gonnella to third 2-0: Ball 3-0: Called Strike 3-1: Swinging Strike 3-2: Foul Ball, location: 2F 3-2: Base on Balls
|
Batting: SHB Joshua Jackson
|
0-0: DOUBLE (Flyball, 78D, EV 94.4 MPH) Darryl Gonnella scores Sesto Carpini to third
|
Batting: RHB Nelle Lommen
|
0-0: Ball 1-0: Ball 2-0: SINGLE (Groundball, 6MD, EV 95.6 MPH) Sesto Carpini scores Joshua Jackson to third Runner from 3rd tries for Home, SAFE, throw by CF to home Nelle Lommen to second
|
Batting: RHB Jason Penfield
|
0-0: Ball 1-0: Foul Ball, location: 2F 1-1: Swinging Strike 1-2: Ball 2-2: SINGLE (Groundball, 56D, EV 97.5 MPH) Nelle Lommen to third Runner from 3rd tries for Home, SAFE, throw by LF to home
|
Batting: RHB Josh Harmon
|
0-0: SINGLE (Line Drive, 56D, EV 96.9 MPH) Jason Penfield to second
|
Batting: LHB Jonathan Spino
|
0-0: Ball 1-0: Ball 2-0: Ball 3-0: Base on Balls Jason Penfield to third Josh Harmon to second
|
Batting: LHB Harris Vink
|
0-0: Swinging Strike 0-1: DOUBLE (Flyball, 8RD, EV 101.9 MPH) Jason Penfield scores Josh Harmon scores Jonathan Spino to third
|
Pitching: RHP Kyle Vance
|
|
Batting: RHB Jose Arriola
|
0-0: Foul Ball, location: 2F 0-1: Called Strike 0-2: Ball 1-2: Ground out 4-3 (Groundball, 34, EV 89.4 MPH) Jonathan Spino scores Harris Vink to third
|
Batting: LHB Darryl Gonnella
|
0-0: Ball 1-0: Ground out U3 (Groundball, 34S, EV 84.4 MPH)
|
Top of the 4th over - 7 runs, 6 hits, 0 errors, 1 left on base; Trois-Riveres 11 - Columbus 0 |
BOTTOM OF THE 4TH |
Columbus Reds batting - Pitching for Trois-Riveres Aigles : RHP Jason Cheek
|
Batting: RHB Sang-ton Pak
|
0-0: Called Strike 0-1: Ball 1-1: Foul Ball, location: 2F 1-2: Strikes out swinging
|
Batting: RHB Pat McCoy
|
0-0: Called Strike 0-1: Foul Ball, location: 2F 0-2: Ball 1-2: Fly out, F9 (Flyball, 89M, EV 83.1 MPH)
|
Batting: LHB Chris Redhead
|
0-0: Called Strike 0-1: Swinging Strike 0-2: Strikes out swinging
|
Bottom of the 4th over - 0 runs, 0 hits, 0 errors, 0 left on base; Trois-Riveres 11 - Columbus 0 |
TOP OF THE 5TH |
Trois-Riveres Aigles batting - Pitching for Columbus Reds : RHP Kyle Vance
|
Batting: RHB Sesto Carpini
|
0-0: Called Strike 0-1: Swinging Strike 0-2: Strikes out swinging
|
Batting: SHB Joshua Jackson
|
0-0: Fly out, F7 (Line Drive, 7, EV 97.5 MPH)
|
Batting: RHB Nelle Lommen
|
0-0: Ball 1-0: Swinging Strike 1-1: Swinging Strike 1-2: Foul Ball, location: 2F 1-2: Strikes out looking
|
Top of the 5th over - 0 runs, 0 hits, 0 errors, 0 left on base; Trois-Riveres 11 - Columbus 0 |
BOTTOM OF THE 5TH |
Columbus Reds batting - Pitching for Trois-Riveres Aigles : RHP Jason Cheek
|
Batting: RHB R.J. Romberg
|
0-0: Ball 1-0: Called Strike 1-1: Foul Ball, location: 2F 1-2: Ball 2-2: Ball 3-2: Base on Balls
|
Batting: LHB Tim Kirk
|
0-0: Foul Ball, location: 2F 0-1: Called Strike 0-2: Ball 1-2: Foul Ball, location: 2F 1-2: Grounds into double play, 4-6-3 (Groundball, 4, EV 101.9 MPH)
|
Batting: LHB Elijah Benton
|
0-0: Swinging Strike 0-1: Ball 1-1: Foul Ball, location: 2F 1-2: Strikes out swinging
|
Bottom of the 5th over - 0 runs, 0 hits, 0 errors, 0 left on base; Trois-Riveres 11 - Columbus 0 |
TOP OF THE 6TH |
Trois-Riveres Aigles batting - Pitching for Columbus Reds : RHP Kyle Vance
|
Batting: RHB Jason Penfield
|
0-0: Ball 1-0: Fly out, F5 (Popup, 5SF, EV 75.6 MPH)
|
Batting: RHB Josh Harmon
|
0-0: Ground out 5-3 (Groundball, 5S, EV 89.4 MPH)
|
Batting: LHB Jonathan Spino
|
0-0: Foul Ball, location: 2F 0-1: Foul Ball, location: 2F 0-2: Ball 1-2: Strikes out swinging
|
Top of the 6th over - 0 runs, 0 hits, 0 errors, 0 left on base; Trois-Riveres 11 - Columbus 0 |
BOTTOM OF THE 6TH |
Columbus Reds batting - Pitching for Trois-Riveres Aigles : RHP Jason Cheek
|
Batting: RHB Fred Barbour
|
0-0: Called Strike 0-1: Swinging Strike 0-2: Strikes out looking
|
Batting: RHB Alex de Leon
|
0-0: Ball 1-0: Called Strike 1-1: Ball 2-1: Swinging Strike 2-2: Strikes out swinging
|
Batting: LHB Keith Egan
|
0-0: Called Strike 0-1: Swinging Strike 0-2: Ball 1-2: Strikes out swinging
|
Bottom of the 6th over - 0 runs, 0 hits, 0 errors, 0 left on base; Trois-Riveres 11 - Columbus 0 |
TOP OF THE 7TH |
Trois-Riveres Aigles batting - Pitching for Columbus Reds : RHP Kyle Vance
|
Batting: LHB Harris Vink
|
0-0: Swinging Strike 0-1: Swinging Strike 0-2: Strikes out swinging
|
Batting: RHB Jose Arriola
|
0-0: Ball 1-0: Ground out 3-1 (Groundball, 34, EV 103.1 MPH)
|
Pinch Hitting: RHB Jesus Carrillo
|
0-0: Foul Ball, location: 2F 0-1: Ball 1-1: Foul Ball, location: 2F 1-2: Ball 2-2: Ball 3-2: SINGLE (Groundball, 34D, EV 96.9 MPH)
|
Pinch Hitting: RHB Ryan Holzwart
|
0-0: Swinging Strike 0-1: Swinging Strike 0-2: Ball 1-2: Foul Ball, location: 2F 1-2: Strikes out swinging
|
Top of the 7th over - 0 runs, 1 hit, 0 errors, 1 left on base; Trois-Riveres 11 - Columbus 0 |
BOTTOM OF THE 7TH |
Columbus Reds batting - Pitching for Trois-Riveres Aigles : RHP Jason Cheek
|
Now at SS: Jesus Carrillo
|
|
Now in LF: Joe Hartigan
|
|
Batting: RHB Sang-ton Pak
|
0-0: Ball 1-0: Foul Ball, location: 2F 1-1: Called Strike 1-2: Strikes out looking
|
Batting: RHB Pat McCoy
|
0-0: Called Strike 0-1: Ball 1-1: Ball 2-1: Called Strike 2-2: Foul Ball, location: 2F 2-2: Strikes out swinging, 2-3 out at first.
|
Batting: LHB Chris Redhead
|
0-0: Called Strike 0-1: Called Strike 0-2: Strikes out swinging
|
Bottom of the 7th over - 0 runs, 0 hits, 0 errors, 0 left on base; Trois-Riveres 11 - Columbus 0 |
TOP OF THE 8TH |
Trois-Riveres Aigles batting - Pitching for Columbus Reds : RHP Kyle Vance
|
Batting: SHB Joshua Jackson
|
0-0: Called Strike 0-1: Foul Ball, location: 2F 0-2: Ball 1-2: Foul Ball, location: 2F 1-2: Ball 2-2: Fly out, F8 (Flyball, 89M, EV 85.0 MPH)
|
Pitching: RHP Matt Cronin
|
|
Batting: RHB Nelle Lommen
|
0-0: Called Strike 0-1: Ball 1-1: Fly out, F8 (Flyball, 8LS, EV 85.0 MPH)
|
Batting: RHB Jason Penfield
|
0-0: Ball 1-0: DOUBLE (Flyball, 78D, EV 100.0 MPH)
|
Batting: RHB Josh Harmon
|
0-0: Ball 1-0: Called Strike 1-1: Ball 2-1: Called Strike 2-2: Strikes out looking
|
Top of the 8th over - 0 runs, 1 hit, 0 errors, 1 left on base; Trois-Riveres 11 - Columbus 0 |
BOTTOM OF THE 8TH |
Columbus Reds batting - Pitching for Trois-Riveres Aigles : RHP Jason Cheek
|
Batting: RHB R.J. Romberg
|
0-0: Ball 1-0: Ground out 5-3 (Groundball, 15, EV 88.1 MPH)
|
Batting: LHB Tim Kirk
|
0-0: Called Strike 0-1: Ball 1-1: SINGLE (Line Drive, 4D, EV 109.4 MPH)
|
Batting: LHB Elijah Benton
|
0-0: Swinging Strike 0-1: Ball 1-1: Foul Ball, location: 2F 1-2: Strikes out swinging
|
Batting: RHB Fred Barbour
|
0-0: Foul Ball, location: 2F 0-1: Foul Ball, location: 2F 0-2: Ball 1-2: Fly out, F2 (Popup, 23F, EV 83.8 MPH)
|
Bottom of the 8th over - 0 runs, 1 hit, 0 errors, 1 left on base; Trois-Riveres 11 - Columbus 0 |
TOP OF THE 9TH |
Trois-Riveres Aigles batting - Pitching for Columbus Reds : RHP Matt Cronin
|
Batting: LHB Jonathan Spino
|
0-0: Ball 1-0: Foul Ball, location: 2F 1-1: Called Strike 1-2: Strikes out looking
|
Batting: LHB Harris Vink
|
0-0: Swinging Strike 0-1: Ball 1-1: Ground out 4-3 (Groundball, 4, EV 82.5 MPH)
|
Batting: RHB Jose Arriola
|
0-0: Swinging Strike 0-1: Called Strike 0-2: Strikes out swinging
|
Top of the 9th over - 0 runs, 0 hits, 0 errors, 0 left on base; Trois-Riveres 11 - Columbus 0 |
BOTTOM OF THE 9TH |
Columbus Reds batting - Pitching for Trois-Riveres Aigles : RHP Jason Cheek
|
Batting: RHB Alex de Leon
|
0-0: Ball 1-0: Swinging Strike 1-1: Swinging Strike 1-2: Ground out 5-3 (Groundball, 5, EV 84.4 MPH)
|
Batting: LHB Keith Egan
|
0-0: Called Strike 0-1: Foul Ball, location: 2F 0-2: Strikes out looking
|
Batting: RHB Sang-ton Pak
|
0-0: Called Strike 0-1: Ball 1-1: Fly out, F7 (Line Drive, 7, EV 90.0 MPH)
|
Bottom of the 9th over - 0 runs, 0 hits, 0 errors, 0 left on base; Trois-Riveres 11 - Columbus 0 |
|